 Dungeon Crawl Stone Soup version 0.22-b1-26-g9dbaab1 (webtiles) character file.

51 Gergoth the Magician (level 3, 0/19 HPs)
             Began as a Deep Elf Fire Elementalist on Aug 6, 2018.
             Succumbed to an adder's poison
             ... on level 2 of the Dungeon.
             The game lasted 00:03:18 (1601 turns).

Gergoth the Magician (Deep Elf Fire Elementalist)   Turns: 1601, Time: 00:03:20

Health: 0/19       AC:  2    Str:  4 (6)  XL:     3   Next: 57%
Magic:  3/10       EV: 13    Int: 23 (24) God:
Gold:   85         SH:  0    Dex: 16 (17) Spells: 9/10 levels left

rFire    . . .     SeeInvis .   d - +0 short sword
rCold    . . .     Gourm    .   (no shield)
rNeg     . . .     Faith    .   a - +0 robe
rPois    .         Spirit   .   (no helmet)
rElec    .         Reflect  .   (no cloak)
rCorr    .         Harm     .   (no gloves)
MR       .....                  (no boots)
Stlth    ++........             (no amulet)
HPRegen  0.06/turn              (no ring)
MPRegen  0.12/turn              (no ring)

@: brilliant, lethally poisoned (0 -> -3), berserk cooldown, slowed, very slow
A: hooves 1, agile 1, deterioration 1, MP-powered wands
a: no special abilities


You were on level 2 of the Dungeon.
You were very full.

You visited 1 branch of the dungeon, and saw 2 of its levels.

You collected 85 gold pieces.

Inventory:

Hand Weapons
 d - a +0 short sword (weapon)
Armour
 a - a +0 robe (worn)
 j - a cursed +0 leather armour
 k - a cursed +0 ring mail
Scrolls
 e - a scroll of teleportation {unknown}
 f - 3 scrolls of identify {unknown}
 h - 2 scrolls of remove curse {unknown}


   Skills:
 - Level 2.4 Dodging
 - Level 2.4 Stealth
 + Level 4.0 Spellcasting
 + Level 2.3 Conjurations
 + Level 4.0 Fire Magic


You had 9 spell levels left.
You knew the following spells:

 Your Spells              Type           Power        Failure   Level  Hunger
a - Flame Tongue          Conj/Fire      ####.        1%          1    None

Your spell library contained the following spells:

 Spells                   Type           Power        Failure   Level  Hunger
 Fireball                 Conj/Fire      ####......   9%          5    ######.
 Conjure Flame            Conj/Fire      ####....     1%          3    ##.....
 Throw Flame              Conj/Fire      ####..       1%          2    #......
 Sticky Flame             Conj/Fire      ####....     3%          4    ####...
 Inner Flame              Hex/Fire       ####....     1%          3    ##.....


Dungeon Overview and Level Annotations

Branches:
Dungeon (2/15)

Altars:


Innate Abilities, Weirdness & Mutations

You have large cloven feet.
You are agile. (Dex +2)
Your body sometimes deteriorates upon taking damage.
You expend magic power (3 MP) to strengthen your wands.


Message History

You feel your anger nearly subside.
You see here an adder corpse.
You butcher the adder corpse.
You are no longer berserk.
You are exhausted.
You feel yourself slow down.
You see here 2 chunks of flesh.
It was a potion of mutation.
You feel extremely strange.
You feel your magical essence link to your wands.
You feel yourself wasting away.
You feel agile.
Your feet thicken and deform.
It was a potion of degeneration.
There was something very wrong with that liquid.
You feel weakened.
You feel dopey.
You feel clumsy.
* * * LOW HITPOINT WARNING * * *
You feel sick.
It was a potion of brilliance.
You feel clever all of a sudden.
You eat one of the 2 rations.
That ration really hit the spot!
You eat the ration.
That ration really hit the spot!
You die...

...## ##### #.#
##..#####...# #.##
#..........# #...
#.#.#.#.#..######
###
#...............#
..##
#.#.#.#.#..####.#
#...
#)..............#
...#
#..#.#.#.#...###.#
# .............#
#@# #
...#.#.#S#.#.# #.#
#...
.............)#
.).#
.###..#######.# ..
..#. #.# . #.#.
..# .. ## #.# #.#
# #.# #


There were no monsters in sight!

Vanquished Creatures
  3 adders (D:2)
  A worm (D:2)
  A leopard gecko (D:1)
  4 bats (D:1)
  4 hobgoblins
  A quokka (D:2)
  A frilled lizard (D:2)
  3 kobolds
  3 rats (D:1)
21 creatures vanquished.

Notes
Turn   | Place    | Note
-------+----------+-------------------------------------------
     0 | D:1      | Gergoth the Deep Elf Fire Elementalist began the quest for the Orb.
     0 | D:1      | Reached XP level 1. HP: 10/10 MP: 6/6
   411 | D:1      | Reached XP level 2. HP: 15/15 MP: 6/8
  1457 | D:2      | Reached XP level 3. HP: 19/19 MP: 6/10
  1597 | D:2      | Gained mutation: You expend magic power (3 MP) to strengthen your wands. [potion of mutation]
  1597 | D:2      | Gained mutation: Your body sometimes deteriorates upon taking damage. [potion of mutation]
  1597 | D:2      | Gained mutation: You are agile. (Dex +2) [potion of mutation]
  1597 | D:2      | Gained mutation: You have large cloven feet. [potion of mutation]
  1601 | D:2      | Succumbed to an adder's poison

Skill      XL: |  1  2  3 |
---------------+----------+-----
Conjurations   | 2 |  2.3
Spellcasting   | 4 |  4.0
Fire Magic     | 4 |  4.0
Dodging        | |  2.4
Stealth        | |  2.4

Action                   || total
-------------------------++-------
Melee: Unarmed           ||     4
 Cast: Flame Tongue      ||    52
  Use: Potion            ||     4
  Eat: Chunk             ||     2
       Ration            ||     2
Armor: Robe              ||     7
Dodge: Dodged            ||    27
